Map: [ESL] Babylon

Players

SpeCial - Winner!

  • Race: Terran Terran
  • Spawn Location: 11:00

Ukko

  • Race: Zerg Zerg
  • Spawn Location: 5:00

Event: ESL SC2 Masters 2023 Summer (Regionals)

VOD

Have the link to the VOD?

Description

Time

  • Played on: May 2, 2023, 1:47 p.m.
  • Length: 14:47

All games in this series

Show
View Real Time Build Order
Export as new Build Order

SpeCial Terran - Winner!

Build Orders: Liberator Opening, Reaper Expand 

Get SALT Encoding   

  12  0:00  SCV  
  13  0:12  SCV  
  14  0:17  Supply Depot  
  14  0:24  SCV  
  15  0:39  SCV  
  15  0:40  Barracks  
  16  0:43  Refinery  
  16  0:51  SCV  
  17  1:03  SCV  
  18  1:15  SCV  
  19  1:27  Orbital Command  
  19  1:28  Reaper  
  20  1:39  Command Center  
  20  1:48  Supply Depot  
  20  1:53  SCV  
  21  1:59  Marine  
  22  2:05  SCV  
  23  2:09  Factory  
  23  2:14  Refinery  
  23  2:17  SCV  
  23  2:20  Barracks Reactor  
  24  2:29  SCV  
  25  2:41  SCV  
  26  2:51  Orbital Command  
  26  2:55  Starport  
  26  2:57  SCV  
  27  3:03  Barracks Tech Lab  
  27  3:04  Hellion  
  27  3:05  Hellion  
  31  3:10  SCV  
  32  3:16  SCV  
  33  3:26  Hellion x2  
  37  3:28  Marine  
  37  3:30  SCV x2  
  40  3:35  Liberator  
  43  3:42  Supply Depot  
  43  3:44  SCV  
  43  3:46  Marine  
  43  3:48  Stimpack  
  45  3:53  SCV  
  46  4:04  SCV, Marine, Hellion x2  
  46  4:05  SCV  
  46  4:07  Supply Depot  
  53  4:16  SCV  
  54  4:20  Starport Reactor  
  54  4:28  SCV x2  
  54  4:30  Command Center  
  54  4:31  Marine  
  56  4:34  Supply Depot  
  57  4:40  SCV  
  57  4:42  Barracks, Factory Reactor  
  57  4:45  Barracks  
  58  4:53  Marine  
  58  4:54  SCV x2  
  61  5:06  SCV  
  61  5:07  SCV  
  63  5:10  Marine  
  63  5:11  Medivac x2  
  63  5:12  Engineering Bay x2  
  68  5:18  SCV  
  68  5:19  SCV  
  70  5:29  Factory Reactor  
  70  5:30  Combat Shield, Supply Depot  
  70  5:35  Refinery  
  70  5:38  Refinery  
  70  5:41  Marine x5, SCV x2  
  77  5:45  Orbital Command  
  77  5:54  SCV x2  
  79  5:59  Terran Infantry Weapons Level 1, Marine x5, Terran Infantry Armor Level 1  
  81  6:06  SCV  
  81  6:07  Widow Mine x2  
  86  6:12  SCV  
  86  6:16  Marine x4  
  86  6:17  Marine  
  82  6:26  Medivac x2  
  82  6:28  Orbital Command, Widow Mine  
  82  6:29  Widow Mine  
  82  6:30  SCV x2  
  90  6:34  Marine x3  
  90  6:35  Supply Depot  
  93  6:44  Marine  
  93  6:46  Marine  
  91  6:52  Marine x3  
  83  6:54  Widow Mine x2  
  83  6:55  SCV x3  
  83  6:56  Barracks x2  
  90  7:02  Marine  
  90  7:04  Marine  
  90  7:07  SCV x2  
  94  7:08  Supply Depot  
  94  7:10  Marine x3  
  94  7:14  SCV  
  98  7:18  Armory  
  98  7:19  SCV x2  
  98  7:20  Marine  
  101  7:30  Marine x3, Medivac x2, SCV  
  101  7:35  Supply Depot  
  109  7:37  Marine  
  109  7:38  SCV  
  109  7:41  Widow Mine, Marine  
  108  7:51  Marine, Barracks Reactor  
  109  7:56  Marine x3  
  109  7:57  SCV x3, Supply Depot x2  
  109  7:58  Marine, Supply Depot, Factory  
  115  7:59  Marine  
  117  8:11  Terran Infantry Weapons Level 2, Terran Infantry Armor Level 2  
  117  8:19  Widow Mine x2, Marine x5  
  127  8:22  SCV x2, Supply Depot  
  127  8:23  SCV  
  127  8:24  Refinery  
  127  8:27  Marine x2  
  130  8:28  Sensor Tower  
  130  8:29  Barracks Reactor  
  130  8:33  Medivac  
  131  8:36  Marine x5, Medivac  
  138  8:43  Widow Mine  
  138  8:44  Widow Mine, Marine, Factory Tech Lab  
  138  8:45  Marine  
  140  8:51  Supply Depot  
  140  8:54  Marine x5  
  143  9:02  Marine x2  
  143  9:06  Drilling Claws  
  143  9:07  Widow Mine  
  143  9:08  Widow Mine  
  149  9:12  Marine x5  
  149  9:14  Command Center  
  147  9:17  Marine x2  
  147  9:20  Marine x2  
  150  9:27  Barracks  
  150  9:28  Widow Mine x2, Barracks  
  150  9:29  Barracks  
  150  9:30  Marine x3  
  157  9:36  Supply Depot  
  157  9:40  Marine x5  
  157  9:42  Marine  
  155  9:48  Marauder  
  155  9:52  Marine x2  
  156  9:58  Marine x2  
  156  9:59  Medivac x2  
  147  10:05  Marine x4  
  147  10:07  SCV x3  
  147  10:10  Marauder, Marine x2  
  147  10:11  Widow Mine x2  
  158  10:16  Marine x2  
  158  10:18  Barracks Tech Lab x2  
  158  10:19  SCV x2  
  162  10:23  Marine  
  162  10:27  Command Center  
  162  10:28  Marine x3  
  166  10:30  Terran Infantry Weapons Level 3  
  166  10:31  Marauder  
  166  10:32  Marine x2  
  170  10:37  Marine, Planetary Fortress  
  170  10:38  Marauder  
  170  10:39  Marine  
  174  10:46  Barracks Tech Lab  
  174  10:48  Widow Mine  
  176  10:52  Marauder  
  176  10:54  Medivac x2  
  176  10:55  Marine x2, Marauder  
  162  10:58  Widow Mine x2  
  162  11:00  Marine x4, Marauder  
  162  11:03  Marine x2  
  166  11:17  Marine  
  166  11:18  Widow Mine, Marauder  
  171  11:20  Widow Mine  
  171  11:23  Marine x2, Marauder  
  171  11:24  Medivac x2  
  171  11:25  Widow Mine  
  173  11:27  Marine x3  
  173  11:28  Marauder  
  173  11:29  Marine  
  173  11:32  Supply Depot  
  179  11:37  Supply Depot  
  179  11:38  Supply Depot  
  181  11:40  Widow Mine  
  181  11:41  Widow Mine  
  183  11:50  Widow Mine  
  183  11:52  Marine x3, Marauder  
  183  11:53  Marauder  
  192  11:57  Marine, Marauder  
  189  12:01  Widow Mine  
  189  12:07  Marine x4, Marauder  
  176  12:09  Marine x2  
  176  12:10  Widow Mine, Marine  
  176  12:11  Widow Mine  
  176  12:13  Marine  
  176  12:14  Marauder  
  176  12:15  Marine, Planetary Fortress  
  187  12:18  Marine  
  190  12:22  Widow Mine  
  190  12:24  Marine x3  
  190  12:28  Marauder  
  176  12:39  Marine, Marauder  
  176  12:40  Widow Mine  
  176  12:41  Widow Mine, Marine, Marauder  
  177  12:45  Marine x2, Marauder  
  177  12:47  Medivac x2  
  177  12:48  Marine  
  177  12:49  Widow Mine  
  177  12:50  Marauder  
  184  12:56  Marine x3  
  184  12:57  Marine  
  158  12:59  Marine  
  158  13:01  Marauder  
  158  13:02  Widow Mine x2, Marine  
  158  13:03  Marine, Marauder  
  154  13:06  Marine x2  
  154  13:11  Widow Mine, Marine  
  159  13:14  Marine x3  
  159  13:15  Marine  
  159  13:16  Marine  
  159  13:17  Medivac x2  
  160  13:20  Marine  
  160  13:21  Marine  
  160  13:22  Marauder  
  160  13:23  Widow Mine x2  
  160  13:24  Marine, Marauder x2  
  171  13:28  Marine  
  171  13:32  Widow Mine, Marine x2  
  176  13:37  Marine x2, Command Center  
  176  13:38  Marine  
  176  13:41  Concussive Shells  
  179  13:44  Marauder  
  179  13:45  Widow Mine x2, Marine, Marauder  
  179  13:46  Marauder  
  190  13:55  Marine x5  
  177  13:56  Marauder, Marine  
  177  13:57  Widow Mine, Marine  
  185  14:03  Marine  
  185  14:05  Marauder  
  185  14:06  Widow Mine x2  
  188  14:10  Marine  
  188  14:11  Marauder  
  188  14:13  Marine  
  188  14:14  Marine x2  
  188  14:16  Marine x4  
  190  14:17  Marauder  
  190  14:18  Widow Mine  
  190  14:22  Marine  
Show
View Real Time Build Order
Export as new Build Order

Ukko Zerg 

Build Orders: Pool First 

Get SALT Encoding   

  12  0:00  Drone  
  13  0:12  Overlord  
  13  0:16  Drone  
  14  0:30  Drone x2  
  14  0:34  Drone  
  17  0:43  Extractor  
  17  0:44  Drone  
  17  0:49  Spawning Pool  
  16  0:55  Drone  
  17  1:07  Drone  
  18  1:18  Hatchery  
  17  1:36  Zergling x4  
  17  1:37  Queen  
  21  1:45  Metabolic Boost  
  21  1:52  Overlord  
  21  2:09  Drone  
  21  2:13  Queen  
  24  2:27  Drone  
  24  2:28  Drone x2  
  27  2:35  Drone  
  28  2:40  Hatchery  
  27  2:46  Zergling x4  
  27  2:49  Drone x2  
  31  2:56  Drone x2  
  33  3:02  Overlord  
  33  3:07  Drone x2  
  35  3:20  Queen  
  35  3:22  Drone  
  35  3:23  Drone x3  
  35  3:26  Drone x2  
  43  3:30  Overlord  
  43  3:34  Drone  
  44  3:47  Overlord  
  44  3:50  Drone x3  
  44  3:54  Queen  
  49  3:55  Queen  
  49  3:56  Drone  
  49  3:58  Drone x2  
  54  4:07  Drone x3  
  56  4:13  Overlord  
  56  4:14  Queen  
  58  4:18  Drone x4  
  58  4:20  Zergling x2  
  63  4:25  Spore Crawler  
  62  4:34  Queen x2  
  62  4:38  Overlord x3  
  66  4:49  Overlord x2  
  66  4:58  Zergling x14  
  67  5:08  Drone x7  
  67  5:10  Drone  
  67  5:12  Spore Crawler  
  74  5:15  Lair  
  74  5:23  Drone x2  
  74  5:25  Drone x4  
  79  5:31  Drone x2  
  81  5:38  Drone  
  82  5:43  Extractor  
  82  5:44  Extractor, Baneling Nest  
  82  5:46  Extractor  
  82  5:49  Drone x6  
  79  5:58  Hatchery  
  79  5:59  Zergling x16  
  86  6:07  Overlord x2  
  86  6:14  Queen  
  86  6:15  Queen  
  90  6:19  Drone, Overlord x4  
  90  6:24  Drone x2  
  90  6:30  Centrifugal Hooks  
  90  6:32  Drone x4  
  94  6:33  Evolution Chamber x2  
  94  6:35  Drone x2  
  94  6:39  Drone x2  
  89  6:48  Drone x5  
  89  6:49  Drone  
  90  6:58  Zerg Ground Armor Level 1, Zerg Melee Weapons Level 1  
  90  7:02  Drone x4  
  90  7:03  Hatchery  
  90  7:06  Overlord  
  93  7:10  Zergling x8  
  93  7:11  Zergling x2  
  93  7:13  Zergling x6  
  93  7:15  Baneling x4  
  101  7:16  Baneling  
  101  7:17  Baneling x3  
  101  7:19  Zergling x2  
  102  7:25  Zergling x12  
  104  7:30  Zergling x4  
  104  7:32  Overseer  
  106  7:41  Zergling x18  
  113  7:47  Zergling x6  
  113  7:50  Queen  
  118  7:56  Baneling x6  
  118  7:57  Zergling x4, Hydralisk Den  
  119  8:02  Hatchery  
  116  8:06  Zergling x16  
  116  8:08  Baneling x7  
  118  8:13  Drone x3  
  118  8:15  Drone, Baneling x6  
  122  8:24  Baneling x2  
  122  8:26  Drone x7  
  127  8:27  Zergling x12  
  133  8:34  Grooved Spines  
  133  8:38  Zergling x12  
  133  8:48  Zergling x6  
  133  8:54  Zergling x16  
  144  8:59  Queen, Zerg Melee Weapons Level 2, Zerg Ground Armor Level 2  
  146  9:03  Drone  
  146  9:04  Extractor x2, Drone x2  
  146  9:05  Spore Crawler  
  146  9:06  Zergling x10  
  151  9:11  Zergling x6  
  147  9:17  Zergling x10  
  147  9:23  Zergling x4  
  154  9:26  Queen  
  154  9:27  Overlord x2  
  154  9:28  Overlord x3  
  154  9:30  Hydralisk x3  
  154  9:31  Zergling x2  
  162  9:44  Zergling x8  
  164  9:45  Muscular Augments  
  164  9:48  Baneling x8  
  164  9:50  Zergling x22  
  170  9:59  Hydralisk x5  
  170  10:11  Zergling x18  
  170  10:13  Infestation Pit  
  180  10:15  Queen  
  180  10:26  Zergling x14  
  184  10:36  Zergling x12  
  184  10:37  Baneling x11  
  177  10:55  Zergling x26  
  163  10:57  Pneumatized Carapace  
  163  11:01  Hive  
  163  11:03  Zergling x14  
  169  11:05  Baneling x8  
  169  11:06  Queen  
  164  11:13  Zergling x20  
  164  11:16  Drone x2  
  164  11:17  Queen  
  164  11:20  Zerg Missile Weapons Level 1  
  164  11:21  Drone x2  
  165  11:26  Overseer  
  165  11:28  Drone x3  
  165  11:29  Drone x2  
  170  11:37  Baneling  
  170  11:38  Baneling x5  
  170  11:41  Drone x14  
  170  11:42  Drone x2  
  186  11:53  Zergling x22  
  191  11:56  Pathogen Glands  
  186  12:07  Zergling x26  
  180  12:25  Zergling x28  
  191  12:30  Hatchery  
  191  12:32  Drone x7  
  168  12:44  Overseer  
  168  12:48  Zergling x36  
  173  12:58  Zergling x18  
  165  13:05  Queen, Zergling x14  
  161  13:10  Queen  
  165  13:13  Extractor  
  165  13:15  Queen  
  165  13:19  Zergling x12  
  164  13:26  Extractor  
  163  13:33  Infestor x3  
  169  13:34  Zergling x10  
  169  13:39  Zergling x12  
  174  13:55  Zergling x34  
  163  14:14  Zergling x26  
  169  14:21  Zergling x6  
  180  14:30  Zergling x14  
Tags
 
Add a new tag
Caveats
  • Supply blocks, unpowered buildings, or Contaminate may cause inaccurate times.
  • Supply counts are checked every 10 seconds.